 Dungeon Crawl Stone Soup version 0.19.5 (webtiles) character file.

123 Anonimowy the Slasher (level 4, 0/29 HPs)
             Began as a High Elf Skald on Mar 8, 2017.
             Slain by an orc priest
             ... wielding a +0 flail
              (4 damage)
             ... on level 3 of the Dungeon.
             The game lasted 00:07:53 (2004 turns).

Anonimowy the Slasher (High Elf Skald)              Turns: 2004, Time: 00:07:54

Health: 0/29       AC:  3    Str: 12    XL:     4   Next: 80%
Magic:  0/8        EV: 11    Int: 15    God:
Gold:   93         SH:  0    Dex: 15    Spells: 1 memorised, 6 levels left

rFire  . . .     SeeInvis .     a - +0 falchion
rCold  . . .     Gourm    .     b - +0 leather armour
rNeg   + . .     Faith    .     (no shield)
rPois  .         Spirit   .     (no helmet)
rElec  .         Reflect  .     (no cloak)
rCorr  .         Harm     .     (no gloves)
MR     .....                    (no boots)
Stlth  +.........               (no amulet)
                                p - ring of positive energy
                                u - ring of flight

@: no status effects
A: no striking features
a: Evoke Flight


You were on level 3 of the Dungeon.
You were not hungry.

You visited 1 branch of the dungeon, and saw 3 of its levels.

You collected 93 gold pieces.

Inventory:

Hand Weapons
 a - a +0 falchion (weapon)
Armour
 b - a +0 leather armour (worn)
 e - a +0 leather armour
 q - a +0 scale mail
 w - a +0 pair of boots
Jewellery
 o - an uncursed ring of protection from cold
 p - a ring of positive energy (right hand)
 u - a ring of flight (left hand)
Scrolls
 i - 2 scrolls of fear {unknown}
 j - 2 scrolls of enchant weapon {unknown}
 k - a scroll of teleportation {unknown}
 l - a scroll of blinking {unknown}
 m - 4 scrolls of identify {unknown}
 n - 2 scrolls of remove curse {unknown}
 s - a scroll of enchant armour {unknown}
Potions
 g - a potion of lignification {unknown}
 r - 2 potions of haste {unknown}
 t - a potion of flight {unknown}
Books
 c - a book of Battle

   Spells                             Type                      Level
   a - Infusion                       Charms                       1
   b - Shroud of Golubria             Charms/Translocation         2
   c - Song of Slaying                Charms                       2
   d - Spectral Weapon                Hexes/Charms                 3
   e - Regeneration                   Charms/Necromancy            3
Comestibles
 d - 3 bread rations
 f - 3 meat rations
 h - a beef jerky
 v - a chunk of flesh


   Skills:
 - Level 2.0 Fighting
 + Level 6.1 Long Blades
 - Level 0.8 Armour
 - Level 1.1 Dodging
 - Level 2.4 Spellcasting
 - Level 3.6 Charms


You had 6 spell levels left.
You knew the following spells:

 Your Spells              Type           Power        Failure   Level  Hunger
a - Infusion              Chrm           ##..         8%          1    #......


Dungeon Overview and Level Annotations

Branches:
Dungeon (3/15)

Altars:


Message History

You closely miss the orc priest.
The orc priest is lightly wounded.
You hit the orc priest.
The orc priest is heavily wounded.
The orc priest hits you with a flail.
You barely miss the orc priest.
The orc priest is heavily wounded.
The orc priest hits you with a flail.
You hit the orc priest.
The orc priest is severely wounded.
You are no longer magically infusing your attacks.
The orc priest hits you with a flail.
You hit the orc priest but do no damage.
The orc priest is severely wounded.
The orc priest hits you with a flail.
* * * LOW HITPOINT WARNING * * *
You hit the orc priest but do no damage.
The orc priest is severely wounded.
The orc priest hits you with a flail.
You die...

##'## ####.# ...
..##.# ... #.##.#
... ##.##.# #.#
##.##.# #o#
##.##.### #o#
.......># ######@#
##.##.#.# #......#
...).<..# #......#
##)########......#
<#........'......#
.......####.....##
.......# #.....#
8.....8# #.......#
...[...# ####(...#


You could see an orc priest and an orc.

Vanquished Creatures
  An orc wizard (D:3)
  Ijyb (D:3)
  An adder (D:2)
  3 oozes (D:1)
  A leopard gecko (D:1)
  2 orcs (D:3)
  A ball python (D:2)
  A giant cockroach (D:1)
  8 hobgoblins
  8 bats
  6 frilled lizards
  10 goblins
  4 kobolds
  A rat (D:1)
48 creatures vanquished.

Notes
Turn   | Place    | Note
-------+----------+-------------------------------------------
     0 | D:1      | Anonimowy the High Elf Skald began the quest for the Orb.
     0 | D:1      | Reached XP level 1. HP: 14/14 MP: 4/4
    89 | D:1      | Reached skill level 3 in Long Blades
   124 | D:1      | Reached XP level 2. HP: 10/19 MP: 6/6
   279 | D:1      | Reached skill level 4 in Long Blades
   375 | D:1      | Reached XP level 3. HP: 14/24 MP: 7/7
  1543 | D:2      | Reached skill level 5 in Long Blades
  1698 | D:3      | Found a faded altar of an unknown god.
  1715 | D:3      | Noticed Ijyb
  1744 | D:3      | Killed Ijyb
  1744 | D:3      | Reached XP level 4. HP: 15/29 MP: 3/8
  1989 | D:3      | Reached skill level 6 in Long Blades
  2004 | D:3      | Slain by an orc priest

Skill      XL: |  1  2  3  4 |
---------------+-------------+-----
Long Blades    | 3 4 5 6 |  6.1
Fighting       | |  2.0
Armour         | |  0.8
Dodging        | |  1.1
Spellcasting   | |  2.4
Charms         | |  3.6

Action                   |  1- 3 |  4- 6 || total
-------------------------+-------+-------++-------
Melee: Falchion          |   140 |    33 ||   173
 Cast: Infusion          |     2 |     1 ||     3
 Stab: Sleeping          |     1 |       ||     1
  Eat: Chunk             |     3 |     1 ||     4
Armor: Leather armour    |    43 |     3 ||    46
Dodge: Dodged            |   105 |    11 ||   116
       Rpst.: Falchion   |    32 |     3 ||    35
